 Dungeon Crawl Stone Soup version 0.28.0-53-g5a82cb258f (webtiles) character file.

Game seed: 9478992349897418050

48 Sin92 the Magician (level 3, -4/26 HPs)
             Began as a Demonspawn Hedge Wizard on July 9, 2022.
             Slain by an iguana (8 damage)
             ... on level 3 of the Dungeon on July 10, 2022.
             The game lasted 00:04:07 (2600 turns).

Sin92 the Magician (Demonspawn Hedge Wizard)        Turns: 2600, Time: 00:04:09

Health: -4/26      AC:  3    Str: 10    XL:     3   Next: 50%
Magic:  6/7        EV: 12    Int: 15    God:
Gold:   153        SH:  0    Dex: 14    Spells: 7/8 levels left

rFire   . . .      SeeInvis .   a - +0 dagger
rCold   . . .      Faith    .   (no shield)
rNeg    . . .      Spirit   .   b - +0 robe
rPois   .          Reflect  .   c - +0 hat
rElec   .          Harm     .   (no cloak)
rCorr   .          Rampage  .   l - +0 pair of gloves
Will    .....                   (no boots)
Stlth   ++........              (no amulet)
HPRegen 0.08/turn               (no ring)
MPRegen 0.20/turn               (no ring)

@: no status effects
A: magic regeneration
a: no special abilities


You were on level 3 of the Dungeon.
You visited 1 branch of the dungeon, and saw 3 of its levels.

You collected 153 gold pieces.

Inventory:

Hand Weapons
 a - a +0 dagger (weapon)
Armour
 b - a +0 robe (worn)
 c - a +0 hat (worn)
 l - a +0 pair of gloves (worn)
Jewellery
 f - a +6 ring of intelligence
Scrolls
 d - 3 scrolls of teleportation {unknown}
 e - a scroll of holy word {unknown}
 g - a scroll of magic mapping {unknown}
 h - a scroll of identify {unknown}
 j - 2 scrolls of fear {unknown}
Potions
 i - a potion of attraction {unknown}
 k - 2 potions of curing {unknown}


   Skills:
 + Level 1.0 Fighting
 + Level 2.2 Dodging
 + Level 2.1 Stealth
 * Level 3.4 Spellcasting
 + Level 1.3 Conjurations
 - Level 1.0 Summonings
 + Level 1.2 Translocations


You had 7 spell levels left.
You knew the following spells:

 Your Spells              Type           Power      Damage    Failure   Level
a - Magic Dart            Conj           24%        1d4       11%         1

Your spell library contained the following spells:

 Spells                   Type           Power      Damage    Failure   Level
 Blink                    Tloc           12%        N/A       17%         2
 Slow                     Hex            8%         N/A       19%         1
 Call Imp                 Summ           5%         N/A       19%         2
 Conjure Flame            Conj/Fire      4%         6-21      41%         3
 Mephitic Cloud           Conj/Pois/Air  3%         N/A       43%         3


Dungeon Overview and Level Annotations

Branches:
Dungeon (3/15)

Altars:
Fedhas


Innate Abilities, Weirdness & Mutations

You regenerate magic rapidly.


Message History

A dart slug and an iguana come into view.
The iguana hisses angrily.
The dart slug launches a dart at you. The slug dart misses you.
There are monsters nearby!
You hit the dart slug.
The dart slug is lightly wounded.
The dart slug bites you.
You hit the dart slug.
The dart slug is moderately wounded.
The dart slug bites you but does no damage.
You hit the dart slug.
The dart slug is heavily wounded.
You hit the dart slug but do no damage.
The dart slug is heavily wounded.
The dart slug bites you but does no damage.
You hit the dart slug.
The dart slug is severely wounded.
The dart slug launches a dart at you. The slug dart misses you.
You hit the dart slug.
The dart slug is almost dead.
You hit the dart slug.
You kill the dart slug!
You barely miss the iguana.
The iguana bites you but does no damage.
You barely miss the iguana. The iguana barely misses you.
You hit the iguana but do no damage. The iguana bites you!
You hit the iguana but do no damage. The iguana bites you!
* * * LOW HITPOINT WARNING * * *
You are too injured to fight recklessly!
You are too injured to fight recklessly!
You are too injured to fight recklessly!
You are too injured to fight recklessly!
Aiming: Magic Dart (safe; 11% risk of failure)
Press: ? - help, Q - select action Shift-Dir - straight line, f - iguana
Aim: an iguana (100% to hit)
The magic dart hits the iguana but does no damage.
The iguana bites you!
You die...

#....# #
#....# .._
#..>.##8..8#
#.........#
#.#########
#.# #.#
########.#
......l@.#
##########


You could see an iguana.

Vanquished Creatures
  An adder (D:2)
  2 dart slugs
  9 bats
  4 goblins
  3 hobgoblins
  4 jackals (D:3)
  A quokka (D:2)
  4 ball pythons
  2 frilled lizards
  2 kobolds (D:1)
  3 rats
35 creatures vanquished.

Notes
Turn   | Place    | Note
-------+----------+-------------------------------------------
     0 | D:1      | Sin92 the Demonspawn Hedge Wizard began the quest for the
                  | Orb.
     0 | D:1      | Reached XP level 1. HP: 13/13 MP: 4/4
   270 | D:1      | Reached skill level 1 in Translocations
   314 | D:1      | Gained mutation: You regenerate magic rapidly. [demonic
                  | ancestry]
   314 | D:1      | Reached XP level 2. HP: 12/19 MP: 0/6
  1473 | D:2      | Reached XP level 3. HP: 14/25 MP: 0/7
  2328 | D:3      | Reached skill level 1 in Fighting
  2580 | D:3      | Found a blossoming altar of Fedhas.
  2600 | D:3      | Slain by an iguana

Illustrated notes

Levels and vault maps discovered:
D:1:      minmay_arrival_floating_metal, layout_loops_ring
D:2:      layout_basic
D:3:      layout_basic, mainiacjoe_overflow_surrounded_room, minitemple,
          lemuel_old_faithful

Skill      XL: |  1  2  3 |
---------------+----------+-----
Translocations | 1 |  1.2
Dodging        | 2 |  2.2
Stealth        | 2 |  2.1
Fighting       | 1 |  1.0
Spellcasting   | |  3.4
Conjurations   | |  1.3
Summonings     | |  1.0

Action                   || total
-------------------------++-------
Melee: Dagger            ||    42
       Punch             ||     2
 Cast: Magic Dart        ||    75
Armor: Robe              ||    22
Dodge: Dodged            ||    45
